 Dungeon Crawl Stone Soup version 0.28.0 (webtiles) character file.

Game seed: 12461005383205094086

13 jfcaron the Caller (level 2, -3/19 HPs)
             Began as a Barachi Summoner on Feb 6, 2022.
             Was a Follower of the Shining One.
             Slain by a gnoll (8 damage)
             ... on level 2 of the Dungeon.
             The game lasted 00:03:00 (1177 turns).

jfcaron the Caller (Barachi Summoner)               Turns: 1177, Time: 00:03:00

Health: -3/19      AC:  4    Str:  9    XL:     2   Next: 37%
Magic:  2/5        EV: 12    Int: 15    God:    the Shining One [*.....]
Gold:   150        SH:  0    Dex: 12    Spells: 5/6 levels left

rFire   . . .      SeeInvis .   i - +0 dagger
rCold   . . .      Faith    .   (no shield)
rNeg    . . .      Spirit   .   a - +0 robe
rPois   .          Reflect  .   (no helmet)
rElec   .          Harm     .   (no cloak)
rCorr   .          Rampage  .   g - +1 pair of gloves
Will    .....                   (no boots)
Stlth   +.........              (no amulet)
HPRegen 0.06/turn               (no ring)
MPRegen 0.09/turn               (no ring)

@: glowing, slow
A: amphibious, slowness 1, strong legs 1, +LOS
a: Hop, Renounce Religion, Divine Shield


You were on level 2 of the Dungeon.
You worshipped the Shining One.
The Shining One was aware of your devotion.
You visited 1 branch of the dungeon, and saw 2 of its levels.

You collected 150 gold pieces.

Inventory:

Hand Weapons
 e - a +0 hunting sling
 i - a +0 dagger (weapon)
Missiles
 b - 49 stones
Armour
 a - a +0 robe (worn)
 g - a +1 pair of gloves (worn)
Scrolls
 f - a scroll of teleportation {unknown}
 h - a scroll of identify {unknown}
Potions
 c - 2 potions of haste {unknown}
 d - a potion of mutation {unknown}


   Skills:
 - Level 2.1 Dodging
 - Level 1.7 Stealth
 + Level 2.5 Spellcasting
 + Level 5.1 Summonings
 + Level 0.7 Invocations


You had 5 spell levels left.
You knew the following spells:

 Your Spells              Type           Power      Damage    Failure   Level
a - Summon Small Mammal   Summ           68%        N/A       2%          1

Your spell library contained the following spells:

 Spells                   Type           Power      Damage    Failure   Level
 Call Imp                 Summ           17%        N/A       3%          2
 Call Canine Familiar     Summ           17%        N/A       8%          3
 Summon Guardian Golem    Hex/Summ       9%         N/A       22%         3
 Summon Lightning Spire   Summ/Air       9%         N/A       58%         4


Dungeon Overview and Level Annotations

Branches:
Dungeon (2/15)

Altars:
The Shining One


Innate Abilities, Weirdness & Mutations

You are amphibious.
You cover ground slowly.
You can hop short distances.
You have an extended range of vision and can be seen from far away.


Message History

Confirm with . or Enter, or press ? or * to list all spells.
The gnoll hits you from afar with a +0 spear.
The gnoll hits you with a +0 club.
You swap places.
Your bat hits the gnoll but does no damage.
Your bat hits the gnoll.
The gnoll hits your quokka with a +0 club!
Your quokka dies!
Your quokka's corpse disappears in a puff of smoke!
The gnoll closely misses your bat.
Your bat hits the gnoll but does no damage. x3
Your bat hits the gnoll.
Your bat hits the gnoll but does no damage. x2
The gnoll hits your bat with a +0 spear!
Your bat dies!
Your bat's corpse disappears in a puff of smoke!
There is a stone staircase leading up here.
Casting: Summon Small Mammal (safe; 2% risk of failure)
Confirm with . or Enter, or press ? or * to list all spells.
Casting: Summon Small Mammal (safe; 2% risk of failure)
Confirm with . or Enter, or press ? or * to list all spells.
What are your orders? t - Croak!
Orders for allies: a - Attack new target. r - Retreat! s - Stop attacking. g - Guard the area. f - Follow me.
Anything else - Cancel.
Gang up on whom?
Press: ? - help, Dir - move target, f - gnoll
Aim: a gnoll, wielding a +0 club (ally target, haloed) Attack!
The gnoll hits you with a +0 club.
Your quokka barely misses the gnoll.
You hit the gnoll but do no damage.
The gnoll hits you from afar with a +0 spear.
* * * LOW HITPOINT WARNING * * *
Your quokka bites the gnoll but does no damage.
The gnoll misses your quokka.
Unknown command.
Your quokka barely misses the gnoll.
The gnoll barely misses you. The gnoll hits you with a +0 club!
You die...

#.# ######### #.#
#.......# .#.##
#.......#
....##########.......#
###..w.g.gg.....[....#
##.#########.......#
#.# #......gg.....#
#.....#####..gr...#
.... . #.r@....#
.####.## #..)....# ##
..# #.......# #.#
###...### #.# #...#
#.######...#
##..........#
######...#####...#
###..^....## #...#


You could see 3 gnolls, a friendly quokka (summoned) and a friendly rat
(summoned).

Vanquished Creatures
  A bat (D:1)
  An endoplasm (D:1)
  2 giant cockroaches (D:1)
  2 hobgoblins (D:1)
  2 ball pythons (D:2)
  2 frilled lizards (D:1)
  2 kobolds (D:2)
  A fungus (D:1)
  4 toadstools (D:1)
17 creatures vanquished.

Notes
Turn   | Place    | Note
-------+----------+-------------------------------------------
     0 | D:1      | jfcaron the Barachi Summoner began the quest for the Orb.
     0 | D:1      | Reached XP level 1. HP: 13/13 MP: 3/3
   246 | D:1      | Found a faded altar of an unknown god.
   254 | D:1      | Prayed at the altar of an unknown god.
   254 | D:1      | Became a worshipper of the Shining One
   254 | D:1      | Reached * piety under the Shining One
   436 | D:1      | Reached skill level 5 in Summonings
   691 | D:1      | Reached XP level 2. HP: 19/19 MP: 3/5
  1177 | D:2      | Slain by a gnoll

Illustrated notes

Levels and vault maps discovered:
D:1:      dpeg_arrival_lava_temple_mockup, layout_basic,
          dreamdust_ecumenical_altar_angels_and_demons, roderic_filled_cross,
          minmay_gold_behind_fungi, st_stairs_8, minmay_parallelograms
D:2:      layout_rooms, uniq_sigmund

Skill      XL: |  1 |
---------------+----+-----
Summonings     | 5 |  5.1
Dodging        | |  2.1
Stealth        | |  1.7
Spellcasting   | |  2.5
Invocations    | |  0.7

Action                   || total
-------------------------++-------
Melee: Unarmed           ||    24
       Dagger            ||     3
 Fire: Hunting sling     ||    26
 Cast: Summon Small Mamm ||    12
 Stab: Sleeping          ||     1
Armor: Robe              ||    12
Dodge: Dodged            ||    34
